cohdb
Replays
Latest Replays
All Replays
Popular Replays
Top Player Replays
Match Explorer
How It Works
Community
CoH3 Stats
Reddit
Sign in to upload your games and track your stats! →
Sign in with Steam
Match 43447245
Unlisted
Match 43447245
Overview
Messages
Build Orders
End
Panzergrenadier Squad
250 Light Carrier
Panzerpioneer Squad
Construct Light Support Kompanie
Selects Italian Infantry
MG34 Team
Combat Half-tracks
Fire Support Elements
Panzerpioneer Squad
Selects Guastatori Squad
Assault Mechanized Group
Selects Registered Artillery
AI Takeover
Falk Strife
101 Division
Barbarossa
simranjitsingh713
Matt
Rasvak
铁娃
JimBob
0
0
Comments
sign in to comment!
No comments posted yet!